AoeStats
← [RAT] G0rm

Four Lakes

503676784Analyzed
3v3 RM · 1mo ago on Sep 1, 2026· 38m 45s· 6 players
Game mode
Random Map
Map size
Normal (6 player)
Population
200
Speed
Normal
Resources
Standard
Victory
Conquest
Starting age
Dark Age
Ending age
Imperial Age
RankedLock teamsTeams togetherTeam positionsShared explorationLock speedFull tech treeHidden civsTurbo modeCheats
Victory
Defeat
🇺🇸 Dravidians · United States
1614
+12
🇳🇱 Persians · Netherlands
1533
+16
🇷🇴 Italians · Romania
1464
+19
🇩🇪 Shu · Germany
1601
-19
🇪🇸 Ethiopians · Spain
1494
-14
🇺🇸 Persians · United States
1488
-14
adrimelli
6:27 Loom
9:29 Feudal Age
10:36 Double-Bit Axe
13:39 Fletching
16:22 Padded Archer Armor
22:13 Castle Age
20:16 Horse Collar
21:18 Gold Mining
22:40 Town Watch
22:17 Crossbowman
22:53 Bodkin Arrow
23:54 Heavy Plow
24:08 Bow Saw
25:37 Gold Shaft Mining
26:33 Ballistics
26:39 Thumb Ring
28:55 Leather Archer Armor
33:10 Wheelbarrow
36:06 Hand Cart
37:42 Heavy Plow
Torceth
7:49 Loom
9:52 Feudal Age
10:57 Double-Bit Axe
14:27 Fletching
15:40 Padded Archer Armor
16:01 Horse Collar
16:57 Gold Mining
23:30 Castle Age
24:08 Bodkin Arrow
23:37 Crossbowman
29:07 Ballistics
Kaepirinha
11:06 Feudal Age
11:02 Loom
11:33 Fishing Lines
11:44 Double-Bit Axe
11:52 Loom
14:57 Horse Collar
19:20 Castle Age
18:30 Bloodlines
18:28 Scale Barding Armor
18:34 Forging
18:55 Gold Mining
20:01 Husbandry
20:17 Bow Saw
23:15 Chain Barding Armor
25:04 Wheelbarrow
24:54 Heavy Plow
26:08 Gold Shaft Mining
27:57 Hand Cart
30:46 Gillnets
33:03 Iron Casting
35:28 Stone Mining
39:11 Imperial Age
37:48 Stone Shaft Mining
37:18 Light Cavalry
[RAT] Havik_AoE
8:59 Feudal Age
9:36 Double-Bit Axe
9:58 Loom
10:34 Horse Collar
11:38 Scale Barding Armor
11:41 Town Watch
12:21 Forging
18:07 Castle Age
17:46 Wheelbarrow
17:06 Gold Mining
17:26 Bloodlines
17:58 Light Cavalry
19:29 Chain Barding Armor
20:03 Bow Saw
21:13 Husbandry
27:14 Heavy Plow
28:51 Iron Casting
29:46 Hand Cart
36:12 Imperial Age
37:08 Plate Barding Armor
35:54 Cavalier
37:56 Two-Man Saw
38:01 Blast Furnace
38:06 Savar
[RAT] G0rm
6:54 Loom
9:09 Feudal Age
9:50 Double-Bit Axe
11:52 Fletching
24:18 Castle Age
22:52 Padded Archer Armor
23:19 Gold Mining
23:10 Horse Collar
24:20 Crossbowman
24:56 Bodkin Arrow
24:31 Crossbowman
36:55 Ballistics
38:42 Leather Archer Armor
[RAT] Spencer
5:27 Loom
10:39 Feudal Age
11:23 Double-Bit Axe
14:25 Fletching
19:45 Padded Archer Armor
22:05 Castle Age
21:40 Fishing Lines
21:42 Horse Collar
21:53 Gold Mining
22:14 Crossbowman
22:50 Bodkin Arrow
24:29 Ballistics
27:13 Leather Archer Armor
27:25 Bow Saw
33:05 Imperial Age
31:12 Wheelbarrow
30:23 Town Watch
32:39 Thumb Ring
33:49 Bracer
35:05 Chemistry
36:17 Arbalester
38:51 Hand Cart
Connection lost

Rejoining the realm…

Still unreachable

The connection could not be restored.

Session expired

The server has moved on; the page needs a fresh start.